 Dungeon Crawl Stone Soup version 0.24.0-123-gd5b16e6ec5 (webtiles) character file.

Game seed: 4510894689976863194, levelgen mode: deterministic

108 vurker the Bolt Thrower (level 5, 0/41 HPs)
             Began as a Formicid Hunter on Feb 5, 2020.
             Succumbed to an adder's poison
             ... on level 3 of the Dungeon.
             The game lasted 00:04:13 (2714 turns).

vurker the Bolt Thrower (Formicid Hunter)           Turns: 2714, Time: 00:04:14

Health: 0/41       AC:  5    Str: 18    XL:     5   Next: 12%
Magic:  5/5        EV: 12    Int: 10    God:
Gold:   65         SH:  0    Dex: 11    Spells: 4/4 levels left

rFire    . . .     SeeInvis +   b - +0 dagger
rCold    . . .     Gourm    .   (no shield)
rNeg     . . .     Faith    .   c - +0 leather armour
rPois    .         Spirit   .   (helmet unavailable)
rElec    .         Reflect  .   m - +1 cloak
rCorr    +         Harm     .   (no gloves)
MR       .....                  (no boots)
Stlth    +.........             (no amulet)
HPRegen  0.13/turn              n - ring of resist corrosion
MPRegen  0.09/turn              (no ring)

@: lethally poisoned (0 -> -17), flying, very slightly contaminated, invisible
A: permanent stasis, dig shafts and tunnels, four strong arms, antennae 3
a: Dig, Shaft Self


You were on level 3 of the Dungeon.
You were not hungry.

You visited 1 branch of the dungeon, and saw 3 of its levels.

You collected 65 gold pieces.

Inventory:

Hand Weapons
 a - a +1 hand crossbow
 b - a +0 dagger (weapon)
   (You took it off a goblin on level 1 of the Dungeon)
Missiles
 p - 31 bolts
Armour
 c - a +0 leather armour (worn)
 m - a +1 cloak (worn)
   (You found it on level 1 of the Dungeon)
Jewellery
 n - a ring of resist corrosion (left hand)
   (You found it on level 2 of the Dungeon)
Wands
 d - a wand of iceblast (10)
   (You found it on level 3 of the Dungeon)
Scrolls
 g - 2 scrolls of identify {unknown}
 h - 2 scrolls of magic mapping {unknown}
 j - 2 scrolls of teleportation {unknown}
 k - 2 scrolls of remove curse {unknown}
 q - a scroll of fear {unknown}
Potions
 f - a potion of might
Comestibles
 e - 5 rations
 o - 4 chunks of flesh


   Skills:
 + Level 3.4 Fighting
 * Level 5.5 Crossbows
 - Level 1.7 Dodging
 - Level 1.2 Stealth


You had 4 spell levels left.
You didn't know any spells.
Your spell library was empty.

Dungeon Overview and Level Annotations

Branches:
Dungeon (3/15)

Altars:


Innate Abilities, Weirdness & Mutations

You cannot be hasted, slowed, berserked, paralysed or teleported.
You can dig through walls and to a lower floor.
Your four strong arms can wield two-handed weapons with a shield.
You have a pair of large antennae on your head. (SInv)


Message History

You miss the adder.
You feel sick. The adder bites you.
You are more poisoned.
The adder poisons you! The adder bites you.
You closely miss the adder.
You feel sick. The adder bites you but does no damage.
You barely miss the adder.
You feel sick. The adder misses you.
You are too injured to fight recklessly!
You are too injured to fight recklessly!
You are too injured to fight recklessly!
You are too injured to fight recklessly!
You are too injured to fight recklessly!
You are too injured to fight recklessly!
You are too injured to fight recklessly!
You are too injured to fight recklessly!
You are too injured to fight recklessly!
You hit the adder.
You feel sick. The adder bites you.
* * * LOW HITPOINT WARNING * * *
You are more poisoned.
The adder poisons you! The adder bites you but does no damage.
You closely miss the adder.
You feel sick. The adder bites you.
* * * LOW HITPOINT WARNING * * *
You are more poisoned.
The adder poisons you!
It was a potion of flight.
You feel very buoyant.
You fly up into the air.
* * * LOW HITPOINT WARNING * * *
You feel sick. The adder bites you.
* * * LOW HITPOINT WARNING * * *
You are more poisoned.
The adder poisons you!
It was a potion of invisibility.
You fade into invisibility!
* * * LOW HITPOINT WARNING * * *
You feel sick. The adder completely misses you. The adder closely misses you.
You are very lightly contaminated with residual magic.
Okay, then.
You hit the adder.
You kill the adder!
* * * LOW HITPOINT WARNING * * *
You feel sick. The worker ant closely misses you.
You hit the worker ant but do no damage.
* * * LOW HITPOINT WARNING * * *
You feel sick.
The worker ant bites you but does no damage.
You hit the worker ant but do no damage.
* * * LOW HITPOINT WARNING * * *
You feel sick. The worker ant misses you.
You hit the worker ant but do no damage.
You die...

####### ......! #####
####+###....... ##....
(.............. #<....
............... ##....
.................# ###....
.......a.........# #......
.(......########.###..8...
....>...a@...........8_8..
........###.......##..8...
........# #.......##......
........# #..........#.###
######### #...)........#
####'#+#...#####
#.#.'...'...#
#.###...###.#
#...........#


You could see a worker ant.

Vanquished Creatures
  Terence (D:2)
  2 adders
  2 worms
  2 leopard geckos
  An orc (D:3)
  7 bats
  6 giant cockroaches
  4 goblins
  5 hobgoblins
  4 jackals (D:2)
  8 kobolds
  A quokka (D:2)
  A frilled lizard (D:1)
  5 rats
49 creatures vanquished.

Notes
Turn   | Place    | Note
-------+----------+-------------------------------------------
     0 | D:1      | vurker the Formicid Hunter began the quest for the Orb.
     0 | D:1      | Reached XP level 1. HP: 16/16 MP: 1/1
   297 | D:1      | Reached XP level 2. HP: 23/23 MP: 2/2
  1144 | D:1      | Reached XP level 3. HP: 12/28 MP: 3/3
  2050 | D:2      | Reached XP level 4. HP: 32/35 MP: 4/4
  2055 | D:2      | Reached skill level 5 in Crossbows
  2186 | D:2      | Noticed Terence
  2222 | D:2      | Killed Terence
  2486 | D:3      | Found a faded altar of an unknown god.
  2571 | D:3      | Reached XP level 5. HP: 35/41 MP: 5/5
  2713 | D:3      | HP: 2/41 [poisoned by an adder]
  2714 | D:3      | Succumbed to an adder's poison

Levels and vault maps discovered:
D:1:      saegor_arrival_simple_b, layout_basic, minmay_hedge_maze,
          patterned_corridor
D:2:      layout_basic, first_ration, uniq_terence
D:3:      layout_basic, chequers_ecumenical_altar_simple

Skill      XL: |  1  2  3  4 |
---------------+-------------+-----
Fighting       | 3 |  3.4
Crossbows      | 5 |  5.5
Dodging        | |  1.7
Stealth        | |  1.2

Action                   |  1- 3 |  4- 6 || total
-------------------------+-------+-------++-------
Melee: Short sword       |    35 |       ||    35
       Dagger            |    95 |   121 ||   216
 Fire: Hand crossbow     |    19 |       ||    19
  Use: Potion            |       |     3 ||     3
  Eat: Chunk             |     3 |     3 ||     6
Armor: Leather armour    |    53 |    39 ||    92
Dodge: Dodged            |   106 |    81 ||   187
